 Dungeon Crawl Stone Soup version 0.29-a0-1052-g6990b1bffc (webtiles) character file.

Game seed: 2564697658598430892

24138 freelancePsychic the Markself (level 12, -8/68 HPs)
             Began as a Deep Elf Arcane Marksman on Aug 17, 2022.
             Was a High Priest of Hepliaklqana.
             Mangled by a quicksilver ooze (15 damage)
             ... in an ice cave.
             The game lasted 00:26:51 (13838 turns).

freelancePsychic the Markself (DEAM)               Turns: 13838, Time: 00:26:51

Health: -8/68      AC: 13    Str:  9    XL:     12   Next: 78%
Magic:  15/33      EV: 20    Int: 20    God:    Hepliaklqana [*****.]
Gold:   804        SH:  5    Dex: 19    Spells: 14/25 levels left

rFire   . . .      SeeInvis .   b - +4 triple crossbow "Erepikke" {flame, rPois Will+ rCorr}
rCold   + . .      Faith    .   (shield currently unavailable)
rNeg    . . .      Spirit   .   B - +2 troll leather armour {Snorg}
rPois   +          Reflect  +   e - +0 helmet
rElec   .          Harm     .   C - +5 cloak of Mean Ned {-Tele rC+ Will++ Str+2}
rCorr   +          Rampage  .   (no gloves)
Will    ++++.      NoTele   +   (no boots)
Stlth   +++.......              M - amulet of reflection
HPRegen 1.01/turn               E - ring of magical power
MPRegen 0.23/turn               N - +4 ring of evasion

@: no status effects
A: reduced essence
a: Renounce Religion, Recall Ancestor, Ancestor Identity, Transference, Idealise


You were in an ice cave.
You worshipped Hepliaklqana.
Hepliaklqana was extremely pleased with you.
You visited 4 branches of the dungeon, and saw 15 of its levels.
You also visited: Bailey and Ice Cave.

You collected 804 gold pieces.

Inventory:

Hand Weapons
 a - a +1 sling of venom
 b - the +4 triple crossbow "Erepikke" (weapon) {flame, rPois Will+ rCorr}
   (You acquired it on level 7 of the Dungeon)

   Any ammunition fired from it burns those it strikes, dealing additional fire
   damage.
   rPois:     It protects you from poison.
   rCorr:     It protects you from acid and corrosion.
   Will:      It increases your willpower.
Missiles
 n - 5 throwing nets
Armour
 c - a +0 robe
 e - a +0 helmet (worn)
 y - a scarf of repulsion
 B - a +2 troll leather armour (worn) {Snorg}
 C - the +5 cloak of Mean Ned (worn) {-Tele rC+ Will++ Str+2}
   (You acquired it in a bailey)

   Str:       It affects your strength (+2).
   rC:        It protects you from cold.
   -Tele:     It prevents most forms of teleportation.
   Will:      It greatly increases your willpower.
Jewellery
 p - a ring of fire
 E - a ring of magical power (left hand)
 I - a ring of flight
 M - an amulet of reflection (around neck)
 N - a +4 ring of evasion (right hand)
 P - an amulet of magic regeneration
 R - a +6 ring of strength
Wands
 x - a wand of charming (6)
 F - a wand of flame (56)
 G - a wand of iceblast (13)
 K - a wand of quicksilver (1)
 L - a wand of mindburst (5)
Scrolls
 g - a scroll of fog
 h - 2 scrolls of teleportation {@r4}
 i - 2 scrolls of poison
 j - a scroll of summoning
 m - 4 scrolls of noise
 q - 7 scrolls of enchant armour
 r - 2 scrolls of silence
 s - 3 scrolls of vulnerability
 A - 2 scrolls of enchant weapon
 D - 2 scrolls of blinking
 H - 2 scrolls of fear
 Q - a scroll of brand weapon
Potions
 d - 5 potions of might
 f - 2 potions of haste {@q3}
 k - a potion of ambrosia
 l - 4 potions of mutation
 o - 2 potions of cancellation {unknown}
 t - 3 potions of brilliance {unknown}
 u - 2 potions of invisibility
 v - a potion of lignification
 w - 2 potions of heal wounds {@q2}
 z - 5 potions of curing {unknown}
 J - 2 potions of attraction {unknown}
 O - 2 potions of resistance


   Skills:
 + Level 9.5 Fighting
 * Level 17.4 Ranged Weapons
 + Level 8.1 Dodging
 - Level 4.6 Stealth
 - Level 7.1 Spellcasting
 - Level 9.4 Hexes
 - Level 4.0 Translocations
 - Level 5.8 Fire Magic


You had 14 spell levels left.
You knew the following spells:

 Your Spells              Type           Power      Damage    Failure   Level
a - Slow                  Hex            100%       N/A       1%          1
b - Inner Flame           Hex/Fire       37%        N/A       1%          3
c - Cause Fear            Hex            22%        N/A       2%          4
d - Portal Projectile     Hex/Tloc       68%        N/A       2%          3

Your spell library contained the following spells:

 Spells                   Type           Power      Damage    Failure   Level
 Confusing Touch          Hex            44%        N/A       1%          3
 Summon Guardian Golem    Hex/Summ       25%        N/A       6%          3
 Gell's Gravitas          Tloc           23%        N/A       8%          3
 Lesser Beckoning         Tloc           23%        N/A       8%          3
 Teleport Other           Tloc           23%        N/A       8%          3
 Beastly Appendage        Tmut           14%        N/A       13%         1
 Summon Small Mammal      Summ           28%        N/A       13%         1
 Anguish                  Hex/Necr       12%        N/A       19%         4
 Wereblood                Tmut           7%         N/A       21%         2
 Call Canine Familiar     Summ           7%         N/A       36%         3
 Spider Form              Tmut/Pois      7%         N/A       36%         3
 Stone Arrow              Conj/Erth      14%        3d7       36%         3
 Yara's Violent Unravell  Hex/Tmut       12%        3d7       47%         5
 Animate Armour           Summ/Erth      14%        N/A       78%         4
 Enfeeble                 Hex            22%        N/A       93%         7
 Borgnjor's Revivificati  Necr           3%         N/A       100%        8
 Lehudib's Crystal Spear  Conj/Erth      3%         10d3      100%        8
 Necromutation            Tmut/Necr      3%         N/A       100%        8
 Death's Door             Necr           3%         N/A       100%        9


Dungeon Overview and Level Annotations

Branches:
Dungeon (10/15)            Temple (1/1) D:5            Lair (3/5) D:8
 Shoals (0/4) Lair:2        Snake (0/4) Lair:2          Orc (1/2) D:10
 Bailey (visited)           IceCv (1/1)

Altars:
Ashenzari
Cheibriados
Dithmenos
Elyvilon
Fedhas
Gozag
Hepliaklqana
Kikubaaqudgha
Makhleb
Nemelex Xobeh
Okawaru
Qazlal
Ru
Trog
Uskayaw
Vehumet
Wu Jian
Xom
Yredelemnul
The Shining One

Shops:
D:3 !   D:9 [

Annotations:
D:4 1 runed translucent door, Valamore's ghost, amateur OpEE
D:10 2 transporters
Lair:1 exclusion: minotaur
Orc:1 Harold


Message History

You are too injured to fight recklessly!
You are too injured to fight recklessly!
You are too injured to fight recklessly!
You are too injured to fight recklessly!
Unknown command.
Unknown command.
Unknown command.
Unknown command.
Unknown command.
Unknown command.
Unknown command.
Unknown command.
Unknown command.
Unknown command.
Unknown command.
Unknown command.
Unknown command.
Unknown command.
Unknown command.
Unknown command.
Unknown command.
Unknown command.
Unknown command.
Unknown command.
Unknown command.
Unknown command.
Unknown command.
Unknown command.
Unknown command.
Unknown command.
Unknown command.
Unknown command.
You slip free of the ooze engulfing you.
The quicksilver ooze attacks as you move away!
The quicksilver ooze hits you. x2
* * * LOW HITPOINT WARNING * * *
You feel your power leaking away.
You gasp with relief as air once again reaches your lungs.
The quicksilver ooze hits you!
You die...
Y

.. ###Y.. ###......
#######.JY.ยง...
######.....@JR...#
###...............##
###.......###########
#.......### ###########
##....### #.........###
##....###
###...........##
###....###.....###......#
##.........### ##.....#
####....### ###....#


You could see the friendly Link the knight, a slime creature, a quicksilver ooze
(ally target) and 2 ice beasts.

Vanquished Creatures
  A quicksilver ooze (IceCv)
  Snorg (D:10)
  2 hydras (Lair:2)
  A two-headed ogre (D:10)
  2 orc knights (Bailey)
  Pikel (D:5)
  8 slime creatures (IceCv)
  A black mamba (Lair:2)
  2 elephants (Lair:2)
  An ice statue (IceCv)
  5 cane toads
  2 rime drakes
  3 komodo dragons
  Prince Ribbit (D:7)
  A troll (D:8)
  A polar bear (Lair:2)
  A vampire (D:6)
  A wraith (D:10)
  2 wyverns (Lair:2)
  4 yaks (Lair:2)
  A steam dragon (D:10)
  3 basilisks
  Edmund (D:4)
  2 nagas (Lair:2)
  9 water moccasins
  2 black bears
  An ice beast (D:5)
  7 orc warriors
  10 wolves
  3 ogres
  6 centaurs
  2 slime creature simulacra (IceCv)
  2 kobold brigands (D:8)
  2 lemures (D:5)
  A gnoll sergeant (D:9)
  5 bullfrogs
  2 scorpions
  3 necrophages
  A glowing shapeshifter simulacrum (IceCv)
  8 wights
  3 killer bees (D:7)
  2 jellies
  A gnoll bouda (D:7)
  4 orc priests
  4 hounds (D:5)
  15 orc wizards
  5 iguanas
  18 gnolls
  9 adders
  A shadow imp (D:6)
  10 white imps (Lair:3)
  An ufetubus (D:6)
  2 dart slugs (D:1)
  44 orcs
  6 endoplasms
  3 giant cockroaches
  9 goblins
  14 hobgoblins
  8 jackals
  3 quokkas
  4 ball pythons
  3 bats
  4 frilled lizards
  24 kobolds
  8 rats
317 creatures vanquished.

Vanquished Creatures (collateral kills)
  A catoblepas (Lair:2)
  2 elephants (Lair:2)
  2 black mambas
  Joseph (D:8)
  A cane toad (Lair:1)
  A komodo dragon (Lair:1)
  2 slime creatures (IceCv)
  2 wyverns
  A vampire (D:10)
  A yak (D:8)
  A water moccasin (Lair:3)
  4 orc warriors
  A great orb of eyes simulacrum (IceCv)
  2 bullfrogs
  5 wights
  A killer bee (D:7)
  A jelly (D:7)
  2 orc wizards (D:9)
  A shapeshifter simulacrum (IceCv)
  2 gnolls
  2 white imps (Lair:3)
  8 orcs
44 creatures vanquished.

Vanquished Creatures (others)
  A knight (D:10)
  4 ancestors
  4 fungi
  13 plants
22 creatures vanquished.

Grand Total: 383 creatures vanquished

Notes
Turn   | Place    | Note
-------+----------+-------------------------------------------
     0 | D:1      | freelancePsychic the Deep Elf Arcane Marksman began the
                  | quest for the Orb.
     0 | D:1      | Reached XP level 1. HP: 11/11 MP: 5/5
   161 | D:1      | Reached skill level 3 in Ranged Weapons
   165 | D:1      | Reached skill level 1 in Fighting
   235 | D:1      | Reached XP level 2. HP: 16/16 MP: 6/6
   242 | D:1      | Reached skill level 1 in Stealth
   242 | D:1      | Found a faded altar of an unknown god.
   928 | D:2      | Reached XP level 3. HP: 16/20 MP: 7/7
  1092 | D:2      | Reached skill level 4 in Ranged Weapons
  2366 | D:3      | Found a white marble altar of Elyvilon.
  2367 | D:3      | Reached XP level 4. HP: 25/25 MP: 8/8
  2367 | D:3      | Found a broken altar of Ashenzari.
  2387 | D:3      | Found Weugrig's Distillery.
  2432 | D:3      | Reached skill level 5 in Ranged Weapons
  3158 | D:4      | Noticed a necrophage
  3177 | D:4      | Reached XP level 5. HP: 30/30 MP: 9/9
  3373 | D:4      | Reached skill level 6 in Ranged Weapons
  3463 | D:4      | Reached XP level 6. HP: 34/36 MP: 10/10
  3666 | D:4      | Found a runed translucent door.
  3666 | D:4      | Noticed Valamore's ghost (amateur OpEE)
  3686 | D:4      | Noticed Edmund
  3724 | D:4      | Killed Edmund
  3725 | D:4      | Reached skill level 7 in Ranged Weapons
  3725 | D:4      | Reached XP level 7. HP: 41/41 MP: 7/11
  3885 | D:5      | Entered Level 5 of the Dungeon
  4385 | D:5      | Reached skill level 8 in Ranged Weapons
  5029 | D:5      | Found a staircase to the Ecumenical Temple.
  5037 | Temple   | Entered the Ecumenical Temple
  5350 | Temple   | Became a worshipper of Hepliaklqana the Forgotten
  5490 | D:5      | Reached skill level 9 in Ranged Weapons
  5670 | D:5      | Noticed Pikel
  5692 | D:5      | Killed Pikel
  5693 | D:5      | Reached skill level 10 in Ranged Weapons
  5693 | D:5      | Reached XP level 8. HP: 37/48 MP: 12/12
  6170 | D:6      | Reached * piety under Hepliaklqana
  6218 | D:6      | Reached skill level 11 in Ranged Weapons
  6351 | D:6      | Reached skill level 5 in Fighting
  6999 | D:6      | Reached skill level 12 in Ranged Weapons
  6999 | D:6      | Reached XP level 9. HP: 48/48 MP: 11/13
  7040 | D:6      | Learned a level 3 spell: Inner Flame
  7064 | D:6      | Reached skill level 1 in Fire Magic
  7425 | D:6      | Reached skill level 5 in Hexes
  7532 | D:7      | Identified a scroll of acquirement
  7532 | D:7      | Acquired the +4 triple crossbow "Erepikke" {flame, rPois
                  | Will+ rCorr}
  7640 | D:7      | Found a flagged portal.
  7649 | Bailey   | Entered a bailey
  7748 | Bailey   | Reached skill level 13 in Ranged Weapons
  7840 | Bailey   | Noticed an orc knight
  7856 | Bailey   | Killed an orc knight
  7983 | Bailey   | Noticed an orc knight
  8004 | Bailey   | Killed an orc knight
  8005 | Bailey   | Reached XP level 10. HP: 18/54 MP: 12/15
  8229 | Bailey   | Acquired the +5 cloak of Mean Ned {-Tele rC+ Will++ Str+2}
  8314 | D:7      | Reached skill level 14 in Ranged Weapons
  8514 | D:7      | Noticed Prince Ribbit
  8525 | D:7      | Killed Prince Ribbit
  8602 | D:7      | Reached ** piety under Hepliaklqana
  8603 | D:7      | Remembered your ancestor Link as a knight
  8952 | D:8      | Noticed Joseph
  8961 | D:8      | Killed Joseph
  9221 | D:8      | Found a staircase to the Lair.
  9593 | D:8      | Got the Treatise on Crystalline Stolen Souls
  9804 | D:9      | Found Wimett's Armour Boutique.
  9829 | D:9      | Reached skill level 5 in Spellcasting
 10375 | D:10     | Entered Level 10 of the Dungeon
 10389 | D:10     | Noticed a two-headed ogre
 10396 | D:10     | Killed a two-headed ogre
 10397 | D:10     | Reached XP level 11. HP: 60/60 MP: 21/21
 10482 | D:10     | Found a staircase to the Orcish Mines.
 10514 | D:10     | Reached *** piety under Hepliaklqana
 10594 | D:10     | Noticed a fire crab
 10597 | D:10     | Found a transporter.
 10598 | D:10     | Found a transporter.
 10947 | D:10     | Noticed a deep elf knight
 11046 | D:10     | Noticed Snorg
 11082 | D:10     | Killed Snorg
 11083 | D:10     | Reached skill level 5 in Fire Magic
 11261 | Orc:1    | Entered Level 1 of the Orcish Mines
 11261 | Orc:1    | Noticed Harold
 11313 | Lair:1   | Entered Level 1 of the Lair of Beasts
 11411 | D:8      | Learned a level 4 spell: Cause Fear
 11415 | D:8      | Learned a level 3 spell: Portal Projectile
 11466 | Lair:1   | Reached skill level 1 in Translocations
 11496 | Lair:1   | Reached skill level 15 in Ranged Weapons
 11736 | Lair:1   | Reached **** piety under Hepliaklqana
 11780 | Lair:1   | Found a runed translucent door.
 12265 | Lair:1   | Noticed a minotaur
 12549 | Lair:2   | Reached skill level 5 in Dodging
 12625 | Lair:2   | Noticed a catoblepas
 12632 | Lair:2   | Killed a catoblepas
 12633 | Lair:2   | Reached XP level 12. HP: 67/67 MP: 24/24
 12676 | Lair:2   | Noticed a seven-headed hydra
 12679 | Lair:2   | Killed a seven-headed hydra
 12924 | Lair:2   | Found a staircase to the Shoals.
 12986 | Lair:2   | Noticed a four-headed hydra
 13003 | Lair:2   | Reached skill level 16 in Ranged Weapons
 13008 | Lair:2   | Killed a four-headed hydra
 13121 | Lair:2   | Reached ***** piety under Hepliaklqana
 13305 | Lair:2   | Found a staircase to the Snake Pit.
 13639 | Lair:3   | Found a frozen archway.
 13686 | IceCv    | Entered an ice cave
 13786 | IceCv    | Reached skill level 17 in Ranged Weapons
 13806 | IceCv    | Noticed a quicksilver ooze
 13810 | IceCv    | Killed a quicksilver ooze
 13833 | IceCv    | Noticed a quicksilver ooze
 13838 | IceCv    | Mangled by a quicksilver ooze

Illustrated notes

Levels and vault maps discovered:
D:1:      saegor_arrival_simple_e, layout_loops_corners,
          chequers_ecumenical_altar_island, st_stairs_1
D:2:      layout_loops_ring
D:3:      layout_loops_ring, mainiacjoe_overflow_catwalk_spiral, serial_shops,
          nicolae_square_shop, serial_forest, infiniplex_forest_lined_3,
          infiniplex_forest_corner_1, infiniplex_forest_lined_room_2,
          infiniplex_forest_lined_4_way, infiniplex_forest_clump_curved,
          infiniplex_forest_end_2, infiniplex_forest_corner_1,
          chequers_serial_rivers_micro_d
D:4:      layout_cave_pools, gammafunk_ghost_grave, uniq_edmund
D:5:      layout_layer_cave, minmay_temple_entry_junction,
          kennysheep_crisscross, chequers_serial_rivers_micro_d, kennysheep_nub,
          minmay_misc_feat_ornament, st_stairs_8, uniq_pikel
D:6:      layout_gridville
D:7:      layout_loops_cross, enter_bailey_4, uniq_prince_ribbit1
D:8:      layout_basic, david_lair_generic, uniq_joseph
D:9:      layout_roguey, serial_shops, nicolae_shop_crystal,
          chequers_serial_rivers_marsh
D:10:     gammafunk_wand_slinger, layout_basic, orc_0_dummy, uniq_snorg
Temple:   mainiacjoe_temple_big_plus
Lair:1:   dreamdust_labyrinth, layout_chaotic_city, grunt_megastairs_3,
          serial_bayou_shore_b
Lair:2:   layout_layer_cave, minmay_shoals_entry_centaurs,
          minmay_snake_entry_guardpost_large
Lair:3:   layout_regular_city, portal_ice_cave_entry_imps, serial_bayou_shore_b
Orc:1:    layout_diamond_mine, uniq_harold
IceCv:    ice_cave_hellmonk_azure_passage

Skill      XL: |  1  2  3  4  5  6  7  8  9 10 11 12 |
---------------+-------------------------------------+-----
Ranged Weapons | 3 4 5 6 7 10 12 13 14 15 17 | 17.4
Fighting       | 1 2 3 4 5 6 7 8 9 |  9.5
Stealth        | 1 2 3 4 |  4.6
Fire Magic     | 3 4 5 |  5.8
Hexes          | 6 8 9 |  9.4
Spellcasting   | 2 5 7 |  7.1
Translocations | 4 |  4.0
Dodging        | 5 8 |  8.1

Action                   |  1- 3 |  4- 6 |  7- 9 | 10-12 || total
-------------------------+-------+-------+-------+-------++-------
Melee: Sling             |       |    36 |     3 |       ||    39
 Fire: Sling             |   129 |   138 |   314 |   227 ||   808
       Triple crossbow   |       |       |       |   174 ||   174
 Cast: Slow              |     6 |    14 |    17 |       ||    37
       Inner Flame       |       |       |    20 |    50 ||    70
       Cause Fear        |       |       |       |     5 ||     5
       Portal Projectile |       |       |       |     2 ||     2
Invok: Recall Ancestor   |       |       |     4 |       ||     4
       Ancestor Identity |       |       |     1 |       ||     1
       Ancestor Life: Kn |       |       |       |     1 ||     1
  Use: Scroll            |     5 |     4 |     5 |     9 ||    23
       Potion            |       |       |     4 |       ||     4
Armor: Robe              |     6 |     6 |     9 |     2 ||    23
       Troll leather arm |       |       |       |    22 ||    22
Dodge: Dodged            |    36 |    28 |    35 |   105 ||   204
Block: Other             |       |       |       |    21 ||    21
       Reflection        |       |       |       |     3 ||     3

Table legend: (Time is in decaauts)
 A = Elapsed time spent in this place.
 B = Non-inter-level travel time spent in this place.
 C = Inter-level travel time spent in this place.
 D = Time resting spent in this place.
 E = Time spent auto-exploring this place.
 F = Levels seen in this place.
 G = Mean time per level.
                   A        B        C        D        E       F      G
               +--------+--------+--------+--------+--------+-----+--------+
         Total |  13883 |  13322 |    561 |    725 |  10242 |  17 |  816.6 |
       Dungeon |  10409 |   9924 |    485 |    701 |   7546 |  10 | 1040.9 |
        Temple |    343 |    314 |     29 |      0 |    248 |   1 |  343.0 |
          Lair |   2377 |   2332 |     45 |     22 |   1918 |   3 |  792.3 |
  Orcish Mines |      1 |      1 |      0 |      0 |      0 |   1 |    1.0 |
        Bailey |    577 |    577 |      0 |      2 |    451 |   1 |  577.0 |
      Ice Cave |    173 |    173 |      0 |      0 |     79 |   1 |  173.0 |
               +--------+--------+--------+--------+--------+-----+--------+

Top non-repeatable levels by time:
     D:5: 1774 daAuts
  Lair:2: 1193 daAuts
     D:3: 1188 daAuts
     D:6: 1127 daAuts
     D:2: 1098 daAuts
     D:4: 1090 daAuts
  Lair:1: 1073 daAuts
     D:1: 936 daAuts
     D:8: 931 daAuts
    D:10: 891 daAuts
     D:7: 756 daAuts
     D:9: 615 daAuts
  Bailey: 577 daAuts
  Temple: 343 daAuts
   IceCv: 173 daAuts
